 Dungeon Crawl Stone Soup version 0.24.0-1-gfbc8707 (webtiles) character file.

Game seed: 18208282505096931946, levelgen mode: deterministic

378 Buxparty the Skirmisher (level 6, 0/50 HPs)
             Began as a Mummy Wanderer on Jan 6, 2020.
             Slain by a killer bee (1 damage)
             ... on level 5 of the Dungeon.
             The game lasted 00:08:37 (5064 turns).

Buxparty the Skirmisher (Mummy Wanderer)            Turns: 5064, Time: 00:08:37

Health: 0/50       AC:  5    Str: 21    XL:     6   Next: 45%
Magic:  0/6        EV: 10    Int: 10    God:
Gold:   193        SH:  0    Dex: 11    Spells: 5/5 levels left

rFire    . . .     SeeInvis .   a - +2 dagger
rCold    . . .     Gourm    .   (no shield)
rNeg     + + +     Faith    .   j - +0 ring mail (curse)
rPois    ∞         Spirit   +   (no helmet)
rElec    .         Reflect  .   (no cloak)
rCorr    .         Harm     .   (no gloves)
MR       .....                  (no boots)
Stlth    +.........             h - amulet of guardian spirit
HPRegen  0.16/turn              f - ring of fire
MPRegen  0.10/turn              e - +2 ring of strength

@: no status effects
A: no food or potions, fire vulnerability, cold resistance 1, negative energy
resistance 3, torment resistance, unbreathing
a: no special abilities


You were on level 5 of the Dungeon.
You were not hungry.

You visited 1 branch of the dungeon, and saw 5 of its levels.

You collected 193 gold pieces.

Inventory:

Hand Weapons
 a - a +2 dagger (weapon)
Missiles
 b - 4 curare-tipped darts (quivered)
 g - 4 boomerangs
Armour
 c - a +0 ring mail
 j - a cursed +0 ring mail (worn)
Jewellery
 e - a +2 ring of strength (right hand)
 f - a ring of fire (left hand)
 h - an amulet of guardian spirit (around neck)
 p - an uncursed ring of flight
Scrolls
 d - a scroll of teleportation
 i - 3 scrolls of remove curse {unknown}
 k - 4 scrolls of fog {unknown}
 l - a scroll of random uselessness {unknown}
 m - 3 scrolls of identify {unknown}
 n - a scroll of enchant weapon {unknown}
 o - a scroll of amnesia {unknown}


   Skills:
 + Level 4.8 Fighting
 + Level 2.9 Short Blades
   Level 1.0 Maces & Flails
   Level 1.0 Crossbows
 - Level 1.5 Throwing
 + Level 4.0 Armour


You had 5 spell levels left.
You didn't know any spells.
Your spell library was empty.

Dungeon Overview and Level Annotations

Branches:
Dungeon (5/15)
 Temple: D:4-7

Altars:
Uskayaw
Yredelemnul


Innate Abilities, Weirdness & Mutations

You do not eat or drink.
Your flesh is vulnerable to fire.
You are immune to poison.
Your flesh is cold resistant. (rC+)
You are immune to negative energy. (rN+++)
You are immune to unholy pain and torment.
You can survive without breathing.


Message History

You hit the killer bee.
The killer bee is moderately wounded.
The killer bee stings you but does no damage.
The killer bee barely misses you. The killer bee stings you!
* * * LOW HITPOINT WARNING * * *
The killer bee completely misses you.
The killer bee stings you but does no damage.
The killer bee stings you.
* * * LOW HITPOINT WARNING * * *
You hit the killer bee.
The killer bee is moderately wounded.
The killer bee closely misses you. The killer bee stings you.
* * * LOW HITPOINT WARNING * * *
The killer bee closely misses you. The killer bee stings you.
* * * LOW HITPOINT WARNING * * *
The killer bee barely misses you.
You hit the killer bee.
The killer bee is heavily wounded.
The killer bee stings you.
You die...

..#######
......yy#
......y@#
#..######


You could see 3 killer bees.

Vanquished Creatures
  An ogre (D:4)
  A hound (D:4)
  2 orc wizards
  An orc priest (D:4)
  7 adders
  An adder skeleton (D:4)
  A worm (D:4)
  A dart slug (D:3)
  2 leopard geckos (D:1)
  14 orcs
  8 giant cockroaches
  6 goblins
  9 hobgoblins
  7 jackals
  7 kobolds
  2 quokkas
  6 bats
  5 frilled lizards
  10 rats
91 creatures vanquished.

Notes
Turn   | Place    | Note
-------+----------+-------------------------------------------
     0 | D:1      | Buxparty the Mummy Wanderer began the quest for the Orb.
     0 | D:1      | Buxparty set off with the following items: a +2 dagger, 4
                  | curare-tipped darts, a +0 ring mail, a scroll of
                  | teleportation
     0 | D:1      | Reached XP level 1. HP: 18/18 MP: 1/1
   152 | D:1      | Reached XP level 2. HP: 5/24 MP: 2/2
   755 | D:1      | Reached skill level 1 in Short Blades
  1157 | D:1      | Reached XP level 3. HP: 28/29 MP: 3/3
  1353 | D:2      | You fall into a shaft and drop 2 floors!
  1353 | D:4      | Noticed an ogre
  1929 | D:2      | Reached XP level 4. HP: 32/37 MP: 4/4
  2316 | D:2      | Found a basalt altar of Yredelemnul.
  2605 | D:2      | Reached XP level 5. HP: 3/42 MP: 5/5
  3252 | D:3      | Found a hide-covered altar of Uskayaw.
  3392 | D:3      | Found a faded altar of an unknown god.
  3627 | D:4      | Killed an ogre
  3627 | D:4      | Reached XP level 6. HP: 35/49 MP: 6/6
  5061 | D:5      | Entered Level 5 of the Dungeon
  5063 | D:5      | HP: 1/50 [killer bee (3)]
  5064 | D:5      | Slain by a killer bee

Levels and vault maps discovered:
D:1:      mrwooster_arrival_statue_2, layout_basic
D:2:      layout_loops_corners, nicolae_overflow_hidden_temple, serial_forest,
          infiniplex_forest_lined_corner, infiniplex_forest_lined_2,
          infiniplex_forest_lined_corner, infiniplex_forest_end_double,
          infiniplex_forest_clump_C, minmay_worlds_worst_comb
D:3:      layout_loops_cross, lemuel_round_altar,
          chequers_ecumenical_altar_twisty, minmay_misc_feat_hallway
D:4:      layout_layer_cave
D:5:      layout_rooms, nemelex_xobeh_ov_fountains_minmay, first_ration

Skill      XL: |  1  2  3  4  5  6 |
---------------+-------------------+-----
Short Blades   | 1 2 |  2.9
Armour         | 3 4 |  4.0
Fighting       | 4 |  4.8
Maces & Flails | |  1.0
Crossbows      | |  1.0
Throwing       | |  1.5

Action                   |  1- 3 |  4- 6 || total
-------------------------+-------+-------++-------
Melee: Dagger            |   174 |   265 ||   439
Throw: Dart              |       |     1 ||     1
Armor: Ring mail         |    86 |    96 ||   182
Dodge: Dodged            |   136 |   149 ||   285
